 Dungeon Crawl Stone Soup version 0.27.1 (webtiles) character file.

Game seed: 15901441760596845850

43 ZARRMARR the Chiller (level 3, -5/24 HPs)
             Began as a Merfolk Ice Elementalist on Aug 28, 2021.
             Slain by a worm (9 damage)
             ... on level 2 of the Dungeon.
             The game lasted 00:04:21 (1418 turns).

ZARRMARR the Chiller (Merfolk Ice Elementalist)     Turns: 1418, Time: 00:04:21

Health: -5/24      AC:  2    Str:  8    XL:     3   Next: 58%
Magic:  0/6        EV: 12    Int: 15    God:
Gold:   33         SH:  0    Dex: 14    Spells: 5/6 levels left

rFire    . . .     SeeInvis .   (no weapon)
rCold    . . .     Faith    .   (no shield)
rNeg     . . .     Spirit   .   a - +0 robe
rPois    .         Reflect  .   (no helmet)
rElec    .         Harm     .   (no cloak)
rCorr    .         Rampage  .   (no gloves)
Will     .....                  (no boots)
Stlth    ++........             (no amulet)
HPRegen  0.08/turn              (no ring)
MPRegen  0.10/turn              (no ring)

@: no status effects
A: (nimble swimmer 2), mertail
a: no special abilities


You were on level 2 of the Dungeon.
You visited 1 branch of the dungeon, and saw 2 of its levels.

You collected 33 gold pieces.

Inventory:

Armour
 a - a +0 robe (worn)
Scrolls
 d - a scroll of immolation
Potions
 c - a potion of attraction
 f - a potion of heal wounds


   Skills:
 - Level 2.6 Dodging
 - Level 2.1 Stealth
 - Level 2.0 Spellcasting
 + Level 5.7 Ice Magic


You had 5 spell levels left.
You knew the following spells:

 Your Spells              Type           Power      Damage    Failure   Level
a - Freeze                Ice            72%        1d9       1%          1

Your spell library contained the following spells:

 Spells                   Type           Power      Damage    Failure   Level
 Frozen Ramparts          Ice            36%        1d5       6%          3
 Ozocubu's Armour         Ice            18%        N/A       6%          3
 Corpse Rot               Necr/Air       N/A        N/A       32%         2
 Poisonous Vapours        Pois/Air       2%         N/A       32%         2
 Hailstorm                Conj/Ice       10%        3d5       56%         4
 Freezing Cloud           Conj/Ice/Air   3%         6-21      95%         5


Dungeon Overview and Level Annotations

Branches:
Dungeon (2/15)

Altars:


Innate Abilities, Weirdness & Mutations

((You are quick and stealthy near water. (Stealth+, EV+, Speed+++)))
Your lower body shifts to a powerful aquatic tail in water.


Message History

The worm is heavily wounded.
The worm bites you.
You hit the worm.
The worm is heavily wounded.
You barely miss the worm.
The worm is heavily wounded.
The worm bites you but does no damage.
You hit the worm.
The worm is heavily wounded.
The worm bites you but does no damage.
You hit the worm.
The worm is heavily wounded.
You hit the worm.
The worm is severely wounded.
The worm bites you!
You barely miss the worm.
The worm is heavily wounded.
You hit the worm.
The worm is severely wounded.
The worm bites you.
You hit the worm.
The worm is severely wounded.
The worm bites you but does no damage.
You hit the worm.
The worm is severely wounded.
Casting: Freeze (safe; 1% risk of failure)
Confirm with . or Enter, or press ? or * to list all spells.
Aiming: Freeze (safe; 1% risk of failure)
Press: ? - help, Shift-Dir - straight line, f/p - worm
Aim: a worm (severely wounded)
You freeze the worm.
The worm is severely wounded.
The worm bites you!
* * * LOW HITPOINT WARNING * * *
You hit the worm but do no damage.
The worm is severely wounded.
You barely miss the worm.
The worm is severely wounded.
The worm bites you!
You die...

## ... #####.##
......# ### # ##....#
##.## #.#.....##
##.#.##
.#........#####.###.##
.......w.(.....## ##.#
#....†@.)#####.###.##
#.#...).## #.#.##
#.......# #.###
######.## #...# #.#
#...# #'# #...# ...
##.## ... ##.# ##..#


You could see a worm.

Vanquished Creatures
  A worm (D:2)
  3 dart slugs
  2 ball pythons (D:1)
  6 bats
  3 endoplasms
  4 giant cockroaches (D:1)
  2 goblins
  3 hobgoblins (D:1)
  2 kobolds
  5 frilled lizards
  2 rats (D:1)
33 creatures vanquished.

Notes
Turn   | Place    | Note
-------+----------+-------------------------------------------
     0 | D:1      | ZARRMARR the Merfolk Ice Elementalist began the quest for
                  | the Orb.
     0 | D:1      | Reached XP level 1. HP: 13/13 MP: 3/3
    24 | D:1      | Found a faded altar of an unknown god.
   163 | D:1      | Reached XP level 2. HP: 2/19 MP: 0/5
   485 | D:1      | Reached skill level 5 in Ice Magic
   843 | D:1      | Reached XP level 3. HP: 24/24 MP: 4/6
  1418 | D:2      | Slain by a worm

Illustrated notes

Levels and vault maps discovered:
D:1:      minmay_arrival_checkered_box, layout_basic,
          hellmonk_ecumenical_altar_blasted, minmay_worlds_worst_comb
D:2:      layout_loops_corners, basic_altar

Skill      XL: |  1  2 |
---------------+-------+-----
Ice Magic      | 5 |  5.7
Dodging        | |  2.6
Stealth        | |  2.1
Spellcasting   | |  2.0

Action                   || total
-------------------------++-------
Melee: Unarmed           ||    29
 Cast: Freeze            ||    50
  Use: Scroll            ||     3
Armor: Robe              ||    14
Dodge: Dodged            ||    29
